 Dungeon Crawl Stone Soup version 0.31-a0-267-g3fc6992b3b (webtiles) character file.

Game seed: 18088605358504781491

201 qw the Shooter (level 5, 0/45 HPs)
             Began as a Minotaur Hexslinger on July 13, 2023.
             Slain by a phantom (4 damage)
             ... on level 4 of the Dungeon.
             The game lasted 00:00:53 (2704 turns).

qw the Shooter (Minotaur Hexslinger)                Turns: 2704, Time: 00:00:54

Health: 0/45       AC:  5    Str: 12    XL:     5   Next: 50%
Magic:  5/5        EV: 11    Int: 10    God:
Gold:   160        SH:  0    Dex: 15    Spells: 5/6 levels left

rFire   . . .        Y - +1 sling
rCold   . . .        (no shield)
rNeg    . . .        c - +0 ring mail
rPois   .            (helmet restricted)
rElec   .            (no cloak)
rCorr   .            (no gloves)
SInv    .            (no boots)
Will    .....        (no amulet)
Stlth   +            (no ring)
HPRegen 0.27/turn    (no ring)
MPRegen 0.09/turn

%: no passive effects
@: no status effects
A: horns 2, retaliatory headbutt
a: no special abilities


You were on level 4 of the Dungeon.
You visited 1 branch of the dungeon, and saw 4 of its levels.

You collected 160 gold pieces.


Innate Abilities, Weirdness & Mutations

You have a pair of horns on your head.
You reflexively headbutt those who attack you in melee.


   Skills:
 - Level 3.0 Fighting
 + Level 5.6 Ranged Weapons
 - Level 1.2 Armour
 - Level 2.1 Dodging
 - Level 1.0 Spellcasting
 - Level 2.0 Hexes


You had 5 spell levels left.
You knew the following spells:

 Your Spells              Type           Power      Damage    Failure   Level
a - Slow                  Hex            16%        N/A       34%         1

Your spell library contained the following spells:

 Spells                   Type           Power      Damage    Failure   Level
 Inner Flame              Hex/Fire       2%         N/A       83%         3
 Portal Projectile        Hex/Tloc       4%         N/A       83%         3
 Cause Fear               Hex            2%         N/A       98%         4

Inventory:

Hand Weapons
 Y - a +1 sling (weapon)
Armour
 c - a +0 ring mail (worn)
Scrolls
 f - a scroll of identify
Potions
 d - a potion of curing
 e - a potion of degeneration {unknown}
 i - 3 potions of heal wounds {unknown}

Dungeon Overview and Level Annotations

Branches:
Dungeon (4/15)
 Temple: D:4-7

Altars:
Ashenzari


Message History

You shoot a sling bullet.
The sling bullet closely misses the gnoll.
The gnoll closely misses you.
You shoot a sling bullet.
The sling bullet closely misses the gnoll.
The gnoll barely misses you.
The gnoll hits you from afar with a +0 spear.
2696 ||| READING scroll of teleportation.
As you read the scroll of teleportation, it crumbles to dust.
You feel strangely unstable.
The gnoll hits you from afar with a +0 spear.
You shoot a sling bullet.
The sling bullet barely misses the gnoll.
The gnoll closely misses you.
You shoot a sling bullet. The sling bullet hits the gnoll.
The gnoll is almost dead.
The gnoll hits you from afar with a +0 spear.
You shoot a sling bullet.
The sling bullet barely misses the gnoll.
Your surroundings suddenly seem different.
A phantom comes into view.
Found 15 gold pieces.
You shoot a sling bullet. The sling bullet hits the phantom.
The phantom is lightly damaged.
You hear an angry growl.
A black bear comes into view.
You hear an angry hiss.
You shoot a sling bullet. The sling bullet hits the phantom.
The phantom is moderately damaged.
You shoot a sling bullet. The sling bullet hits the phantom.
The phantom is moderately damaged.
The phantom barely misses you. You furiously retaliate!
You headbutt the phantom, but do no damage.
You shoot a sling bullet.
The sling bullet closely misses the phantom.
The phantom hits you.
The phantom blinks!
You blink.
You shoot a sling bullet. The sling bullet hits the phantom.
The phantom is heavily damaged.
The phantom hits you.
You die...

## # .. ### #+.#
#.###.####..#
#..@W......####
#...##...........#
#.. .....h.ยค....#
. ...###...##...#
.#. #.#.# # #...
#...# . ## .# #. #
#. .# .# ..


You could see a black bear and a phantom.

Vanquished Creatures
  An ogre (D:3)
  A howler monkey (D:4)
  A gnoll (D:4)
  2 adders
  2 worms (D:2)
  2 dart slugs (D:1)
  3 endoplasms
  A giant cockroach (D:1)
  3 goblins
  2 hobgoblins
  8 kobolds
  8 ball pythons
  2 bats (D:1)
  6 frilled lizards
  7 rats
49 creatures vanquished.

Notes
Turn   | Place    | Note
-------+----------+-------------------------------------------
     0 | D:1      | qw the Minotaur Hexslinger began the quest for the Orb.
     0 | D:1      | Reached XP level 1. HP: 16/16 MP: 1/1
     0 | D:1      | 0 ||| qw: Version: 0.3-a-52-g30416fa
     0 | D:1      | 0 ||| qw: Game counter: 7767
     0 | D:1      | 0 ||| qw: Melee chars always use a shield: true
     0 | D:1      | 0 ||| qw: God list: Okawaru
     0 | D:1      | 0 ||| qw: Allow faded altars: false
     0 | D:1      | 0 ||| qw: Do Orc after clearing Dungeon:15 true
     0 | D:1      | 0 ||| qw: Do second Lair branch before Depths: true
     0 | D:1      | 0 ||| qw: Lair rune preference: random
     0 | D:1      | 0 ||| qw: Goals: Normal
     0 | D:1      | 0 ||| PLANNING D:1-11
   135 | D:1      | Found a faded altar of an unknown god.
   184 | D:1      | Reached skill level 3 in Ranged Weapons
   185 | D:1      | Reached XP level 2. HP: 23/23 MP: 2/2
   579 | D:1      | Reached XP level 3. HP: 29/29 MP: 3/3
   908 | D:1      | 908 ||| UPGRADING to +0 leather armour.
   918 | D:1      | 918 ||| DROPPING +0 robe.
   919 | D:1      | 919 ||| READING scroll labelled NIDIURYCUS.
   923 | D:1      | 923 ||| READING scroll labelled QECAODYPTE.
   924 | D:1      | 924 ||| READING scroll labelled KOATZE ARREEHO.
   925 | D:1      | 925 ||| READING scroll labelled LOSCHE JANWYPPO.
   926 | D:1      | 926 ||| READING scroll labelled WEIR HEGEFE.
   927 | D:1      | 927 ||| DROPPING scroll of poison.
  1139 | D:2      | Reached skill level 4 in Ranged Weapons
  1747 | D:2      | 1747 ||| UPGRADING to +0 ring mail.
  1757 | D:2      | 1757 ||| DROPPING +0 leather armour.
  1758 | D:2      | 1758 ||| READING scroll labelled NUUT JATZI.
  1759 | D:2      | 1759 ||| READING 2 scrolls of identify.
  1759 | D:2      | 1759 ||| IDENTIFYING golden potion
  2153 | D:3      | Reached skill level 1 in Armour
  2153 | D:3      | Reached XP level 4. HP: 17/36 MP: 4/4
  2430 | D:3      | Found a broken altar of Ashenzari.
  2438 | D:3      | 2438 ||| READING scroll labelled QOEQYG DEYCI.
  2439 | D:3      | 2439 ||| READING scroll labelled GUEJAVV KOOTT.
  2440 | D:3      | 2440 ||| READING scroll labelled QOGAYQ PILESM.
  2441 | D:3      | 2441 ||| DRINKING 2 emerald potions.
  2442 | D:3      | 2442 ||| DROPPING potion of brilliance.
  2471 | D:4      | 2471 ||| PLANNING SEWER
  2472 | D:4      | Noticed an ogre
  2480 | D:4      | 2480 ||| STAIRDANCE
  2482 | D:3      | Killed an ogre
  2483 | D:3      | Reached skill level 5 in Ranged Weapons
  2483 | D:3      | Reached XP level 5. HP: 25/41 MP: 5/5
  2671 | D:4      | Reached skill level 3 in Fighting
  2695 | D:4      | HP: 11/45 [gnoll/+0 spear (3)]
  2696 | D:4      | 2696 ||| READING scroll of teleportation.
  2699 | D:4      | Noticed a phantom
  2700 | D:4      | Noticed a black bear
  2703 | D:4      | HP: 4/45 [phantom (4)]
  2704 | D:4      | Slain by a phantom

Levels and vault maps discovered:
D:1:      elethiomel_arrival_quiet, layout_basic,
          shapermc_ecumenical_altar_ellora, supply_closet_lemuel,
          kennysheep_pointless_box
D:2:      layout_loops_corners, serial_glass, glass_columns_c, glass_columns_c,
          glass_columns_b, glass_columns_a, glass_columns_c, glass_columns_b,
          glass_columns_a, glass_columns_a
D:3:      layout_rooms, general_overflow_altar, minmay_unequal
D:4:      layout_basic, mainiacjoe_overflow_cross_hatched,
          mainiacjoe_overflow_paths, gup_sewer_entry_bowl, serial_curves,
          eino_curves_03, eino_curves_02, eino_curves_03, eino_curves_03,
          minmay_starry_boxes

Skill      XL: |  1  2  3  4  5 |
---------------+----------------+-----
Ranged Weapons | 3 4 5 |  5.6
Fighting       | 2 3 |  3.0
Armour         | 1 |  1.2
Dodging        | |  2.1
Spellcasting   | |  1.0
Hexes          | |  2.0

Action                     |  1- 3 |  4- 6 || total
---------------------------+-------+-------++-------
   Fire: Sling             |   144 |    41 ||   185
    Use: Scroll            |     7 |     4 ||    11
         Potion            |       |     1 ||     1
 Armour: Robe              |     3 |       ||     3
         Ring mail         |     3 |     5 ||     8
         Leather armour    |     1 |       ||     1
  Dodge: Dodged            |    34 |    18 ||    52

Table legend:
 A = Non-vault XP
 B = Vault XP
 C = Vault XP percentage of total XP
 D = Non-vault monster count
 E = Vault monster count
 F = Vault count percentage of total count
                 A         B        C        D         E       F
            +---------+---------+-------+---------+---------+-------
      Total |     275 |      13 |   4.5 |      48 |       1 |   2.0
            +---------+---------+-------+---------+---------+-------
        D:1 |      43 |       0 |   0.0 |      25 |       0 |   0.0
        D:2 |      40 |       0 |   0.0 |      14 |       0 |   0.0
        D:3 |     122 |      13 |   9.6 |       6 |       1 |  14.3
        D:4 |      70 |       0 |   0.0 |       3 |       0 |   0.0
            +---------+---------+-------+---------+---------+-------
